cohdb
Replays
Latest Replays
All Replays
Popular Replays
Top Player Replays
Match Explorer
How It Works
Community
CoH3 Stats
Reddit
Sign in to upload your games and track your stats! →
Sign in with Steam
Match 38994006
Unlisted
Match 38994006
Overview
Messages
Build Orders
End
Construct Infanterie Kompanie
Pioneer Squad
Grenadier Squad
MG 42 Machine Gun Team
Construct Panzergrenadier Kompanie
Panzergrenadier Squad
Panzergrenadier Squad
Construct Panzer Kompanie
Stoßtruppen Squad
Sturmpanzer IV Brummbär
Selects Luftwaffe Battlegroup
Selects Reconnaissance Run
Selects Fallschirmjäger Squad Paradrop
Selects Stuka Loiter
Panzer IV Medium Tank
Stuka Loiter
Pioneer Squad
Selects Luftwaffe Pioneer Support
Selects Flak 38 Anti-Air Emplacement
Panzer IV Medium Tank
Stuka Loiter
Sturmpanzer IV Brummbär
Selects Infantry Reserves
UH|XTC
Mishmode
OddBall_ESP
Rambo
0
0
Comments
sign in to comment!
No comments posted yet!